 Dungeon Crawl Stone Soup version 0.26-a0-612-gd4d190f (webtiles) character file.

Game seed: 6233479120104808227

2943 rz the Geomancer (level 9, -5/52 HPs)
             Began as a Gargoyle Earth Elementalist on Sept 9, 2020.
             Was a Believer of Vehumet.
             Slain by Gastronok (22 damage)
             ... on level 8 of the Dungeon.
             The game lasted 00:15:00 (7478 turns).

rz the Geomancer (Gargoyle Earth Elementalist)      Turns: 7478, Time: 00:15:01

Health: -5/52      AC: 13    Str: 12    XL:     9   Next: 80%
Magic:  3/18       EV: 13    Int: 19    God:    Vehumet [**....]
Gold:   598        SH:  5    Dex: 12    Spells: 12/21 levels left

rFire    . . .     SeeInvis .   l - +2 dagger (venom)
rCold    + . .     Faith    .   q - +0 buckler
rNeg     + . .     Spirit   .   c - +0 robe
rPois    ∞         Reflect  .   o - +0 helmet (curse)
rElec    +         Harm     .   k - +0 cloak
rCorr    .                      E - +1 pair of gloves
MR       .....                  A - +0 pair of boots "Tamim" {+Inv Dex+2} (curse)
Stlth    ++........             (no amulet)
HPRegen  0.17/turn              d - ring of protection from cold
MPRegen  0.16/turn              (no ring)

@: no status effects
A: negative energy resistance 1, electricity resistance, unbreathing,
petrification resistance, rot immunity, AC +6
a: Renounce Religion, Evoke Invisibility


You were on level 8 of the Dungeon.
You worshipped Vehumet.
Vehumet was pleased with you.
You visited 2 branches of the dungeon, and saw 9 of its levels.

You collected 598 gold pieces.

Inventory:

Hand Weapons
 l - a +2 dagger of venom (weapon)
 x - a +0 club
Missiles
 b - 15 stones (quivered)
Armour
 c - a +0 robe (worn)
 k - a +0 cloak (worn)
 o - a cursed +0 helmet (worn)
 q - a +0 buckler (worn)
 A - the cursed +0 pair of boots "Tamim" (worn) {+Inv Dex+2}
   (You found it on level 4 of the Dungeon)

   It affects your dexterity (+2).
   It lets you turn invisible.
   It has a curse placed upon it.
 E - a +1 pair of gloves (worn)
Magical Staves
 z - an uncursed staff of air
Jewellery
 d - a ring of protection from cold (left hand)
 r - a +6 ring of strength
 s - an uncursed amulet of faith
 K - a +6 ring of dexterity
Wands
 h - a wand of iceblast (1)
 y - a wand of polymorph (11)
Scrolls
 a - 2 scrolls of amnesia {unknown}
 g - 5 scrolls of enchant weapon {unknown}
 i - 5 scrolls of teleportation {unknown}
 m - 3 scrolls of enchant armour {unknown}
 p - a scroll of random uselessness {unknown}
 t - 2 scrolls of fog {unknown}
 B - 7 scrolls of identify
 D - 2 scrolls of immolation {unknown}
 F - 2 scrolls of noise {unknown}
 G - 2 scrolls of remove curse {unknown}
 H - 2 scrolls of magic mapping {unknown}
 M - 2 scrolls of blinking {unknown}
Potions
 e - 3 potions of cancellation {unknown}
 f - 2 potions of curing
 j - 2 potions of heal wounds {unknown}
 n - a potion of resistance {unknown}
 u - 2 potions of stabbing {unknown}
 v - a potion of flight {unknown}
 w - a potion of degeneration {unknown}
 C - 4 potions of haste
 I - a potion of lignification {unknown}
 J - a potion of brilliance {unknown}
 L - a potion of ambrosia {unknown}


   Skills:
 + Level 4.2 Fighting
 + Level 3.5 Dodging
 - Level 2.1 Stealth
 + Level 4.0 Shields
 + Level 6.5 Spellcasting
 + Level 6.6 Conjurations
   Level 0.7 Transmutations
 + Level 8.7 Earth Magic


You had 12 spell levels left.
You knew the following spells:

 Your Spells              Type           Power        Failure   Level
a - Sandblast             Erth           #####.       1%          1
b - Stone Arrow           Conj/Erth      #####.       1%          3
c - Lee's Rapid Deconstr  Erth           #####.....   9%          5

Your spell library contained the following spells:

 Spells                   Type           Power        Failure   Level
 Searing Ray              Conj           ####..       1%          2
 Passwall                 Tmut/Erth      ###.....     2%          2
 Petrify                  Tmut/Erth      ###.....     16%         4


Dungeon Overview and Level Annotations

Branches:
Dungeon (8/15)             Temple (1/1) D:5
   Lair: D:8-11

Altars:
Ashenzari
Cheibriados
Dithmenos
Elyvilon
Fedhas
Gozag
Hepliaklqana
Kikubaaqudgha
Makhleb
Nemelex Xobeh
Okawaru
Qazlal
Ru
Sif Muna
Trog
Uskayaw
Vehumet
Wu Jian
Xom
Yredelemnul
Zin
The Shining One

Portals:
Bailey: D:8

Annotations:
D:8 Gastronok


Innate Abilities, Weirdness & Mutations

You are resistant to torment.
Your stone body is resilient. (AC +6)
You are immune to poison.
You resist negative energy. (rN+)
You are resistant to electric shocks. (rElec)
You can survive without breathing.
You are immune to petrification.
You are immune to rotting.


Message History

Ouch! That really hurt!
Casting: Sandblast (safe; 1% risk of failure)
Confirm with . or Enter, or press ? or * to list all spells.
Aiming: Sandblast (safe; 1% risk of failure)
Press: ? - help, Shift-Dir - straight line, f/p - Gastronok
Aim: Gastronok, wearing a +0 hat of intelligence (severely wounded)
The blast of sand hits Gastronok!!
Gastronok is almost dead.
b - 16 stones You hear the faint creaking of a portcullis.
Casting: Sandblast (safe; 1% risk of failure)
Confirm with . or Enter, or press ? or * to list all spells.
Aiming: Sandblast (safe; 1% risk of failure)
Press: ? - help, Shift-Dir - straight line, f/p - Gastronok
Aim: Gastronok, wearing a +0 hat of intelligence (almost dead)
The blast of sand hits Gastronok!!
Gastronok is almost dead.
b - 15 stones Gastronok bites you!!
You die...

#.##.......
######.##.≈≈≈≈≈≈≈.##..
..........≈#####≈....#
######<##.≈#...#≈....#
#.##.)).∩.#≈....#
#.##.≈#...#≈....
#.##.≈#####≈.# .
#†##.≈≈≈≈≈≈≈.##....
#.##.......@w....#
#.#########..#...# #.#
.....#.# #<# #..####
...l...# ...# ##......
#..## ...._Fw.. ...
.......... ....
#.#####....


You could see Gastronok.

Vanquished Creatures
  An ugly thing (D:7)
  Sigmund (D:5)
  Menkaure (D:4)
  A water moccasin (D:7)
  A sky beast (D:6)
  2 black bears (D:6)
  3 ogres (D:7)
  5 centaurs
  Blork the orc (D:4)
  2 bullfrogs
  2 scorpions (D:5)
  A howler monkey (D:5)
  3 hounds
  A jelly (D:7)
  A gnoll shaman (D:7)
  2 orc priests
  7 orc wizards
  Terence (D:3)
  3 worker ants
  An iguana (D:5)
  A hound skeleton (D:7)
  Robin (D:4)
  12 gnolls
  A howler monkey zombie (D:7)
  6 adders
  A howler monkey skeleton (D:7)
  3 white imps (D:6)
  2 adder zombies
  3 worms
  A dart slug (D:1)
  6 leopard geckos
  17 orcs
  2 ball pythons
  5 giant cockroaches
  21 goblins
  14 hobgoblins
  3 jackals (D:7)
  3 quokkas
  8 bats
  2 frilled lizards (D:1)
  7 kobolds
  6 rats
165 creatures vanquished.

Vanquished Creatures (others)
  A plant (D:4)
1 creature vanquished.

Grand Total: 166 creatures vanquished

Notes
Turn   | Place    | Note
-------+----------+-------------------------------------------
     0 | D:1      | rz the Gargoyle Earth Elementalist began the quest for the
                  | Orb.
     0 | D:1      | Reached XP level 1. HP: 10/10 MP: 3/3
   218 | D:1      | You fall into a shaft and drop 1 floor!
   218 | D:2      | Found an ornate altar of the Wu Jian Council.
   320 | D:2      | Reached skill level 4 in Earth Magic
   320 | D:2      | Reached XP level 2. HP: 15/15 MP: 1/5
   323 | D:2      | Found a shattered altar of Ashenzari.
   339 | D:2      | Reached XP level 3. HP: 19/19 MP: 0/7
   634 | D:2      | Learned a level 3 spell: Stone Arrow
  1294 | D:1      | Reached skill level 1 in Conjurations
  1294 | D:1      | Reached XP level 4. HP: 24/24 MP: 5/8
  1938 | D:2      | Found a sparkling altar of Nemelex Xobeh.
  1950 | D:2      | Found an iron altar of Okawaru.
  2182 | D:3      | Noticed Terence
  2188 | D:3      | Killed Terence
  2188 | D:3      | Reached skill level 5 in Earth Magic
  2189 | D:3      | Reached XP level 5. HP: 26/28 MP: 1/9
  2273 | D:3      | Found a blossoming altar of Fedhas.
  2435 | D:3      | Found a faded altar of an unknown god.
  2709 | D:4      | Noticed Blork the orc
  2717 | D:4      | Killed Blork the orc
  2793 | D:4      | Noticed Robin
  2833 | D:4      | Reached XP level 6. HP: 32/32 MP: 3/11
  2837 | D:4      | Killed Robin
  2969 | D:4      | Noticed Menkaure
  2977 | D:4      | Killed Menkaure
  2977 | D:4      | Reached skill level 6 in Earth Magic
  3245 | D:4      | Got a pair of dazzling boots
  3247 | D:4      | Identified the cursed +0 pair of boots "Tamim" {+Inv Dex+2}
                  | (You found it on level 4 of the Dungeon)
  3621 | D:5      | Entered Level 5 of the Dungeon
  3642 | D:5      | Found a shimmering altar of Xom.
  3683 | D:5      | Reached XP level 7. HP: 36/36 MP: 11/13
  3794 | D:5      | Noticed Sigmund
  3797 | D:5      | Killed Sigmund
  3908 | D:5      | Learned a level 5 spell: Lee's Rapid Deconstruction
  3951 | D:5      | Reached skill level 7 in Earth Magic
  4073 | D:5      | Reached skill level 5 in Spellcasting
  4073 | D:5      | Reached XP level 8. HP: 25/41 MP: 11/15
  4230 | D:5      | Reached skill level 5 in Conjurations
  4412 | D:5      | Found a staircase to the Ecumenical Temple.
  4432 | Temple   | Entered the Ecumenical Temple
  4490 | Temple   | Became a worshipper of Vehumet
  4616 | D:6      | Found a glowing golden altar of the Shining One.
  4635 | D:6      | Found a basalt altar of Yredelemnul.
  4644 | D:6      | Found a stormy altar of Qazlal.
  5053 | D:6      | Found a sacrificial altar of Ru.
  5070 | D:6      | Found a bloodstained altar of Trog.
  5073 | D:6      | Reached skill level 1 in Fighting
  5073 | D:6      | Reached skill level 1 in Shields
  5606 | D:6      | Found a glowing golden altar of the Shining One.
  5847 | D:6      | Noticed an angel
  6030 | D:7      | Reached * piety under Vehumet
  6030 | D:7      | Offered knowledge of Freeze by Vehumet.
  6042 | D:7      | Reached skill level 8 in Earth Magic
  6042 | D:7      | Reached XP level 9. HP: 40/49 MP: 3/17
  7018 | D:7      | Offered knowledge of Searing Ray by Vehumet.
  7026 | D:7      | Noticed a brown ugly thing
  7040 | D:7      | Killed a brown ugly thing
  7040 | D:7      | Reached ** piety under Vehumet
  7321 | D:8      | Found a hide-covered altar of Uskayaw.
  7321 | D:8      | Noticed a +0 dagger
  7321 | D:8      | Noticed a +0 hand axe
  7321 | D:8      | Noticed Gastronok
  7397 | D:8      | Found a flagged portal.
  7478 | D:8      | Slain by Gastronok

Illustrated notes

Levels and vault maps discovered:
D:1:      scummos_arrival_checkerplants, layout_basic
D:2:      layout_rooms, lemuel_coloured_pillars_altar,
          chequers_temple_overflow_statue_of_worship, evilmike_ruin_ashenzari
D:3:      layout_rooms, overflow_temple_1_default,
          chequers_ecumenical_altar_simple, uniq_terence
D:4:      cheibrodos_old_hovel, layout_basic, uniq_blork_the_orc, uniq_menkaure,
          uniq_robin
D:5:      layout_gridville, minmay_temple_entry_slanted, basic_altar,
          uniq_sigmund
D:6:      layout_basic, grunt_temple_overflow_holy_war,
          nicolae_ru_sacrificial_ziggurat, trog_ov_bears_minmay,
          lemuel_crystal_altar, basic_altar
D:7:      layout_basic, minmay_small_thing
D:8:      layout_rooms, dancing_weapons_uskayaw, enter_bailey_3, uniq_gastronok
Temple:   nicolae_temple_x_marks_the_god

Skill      XL: |  1  2  3  4  5  6  7  8  9 |
---------------+----------------------------+-----
Earth Magic    | 4 5 6 7 8 |  8.7
Spellcasting   | 3 4 5 6 |  6.5
Conjurations   | 1 2 3 4 5 6 |  6.6
Fighting       | 2 4 |  4.2
Shields        | 2 4 |  4.0
Dodging        | 2 3 |  3.5
Stealth        | |  2.1
Transmutations | |  0.7

Action                   |  1- 3 |  4- 6 |  7- 9 || total
-------------------------+-------+-------+-------++-------
Melee: Unarmed           |     8 |    10 |       ||    18
       Short sword       |    42 |       |       ||    42
       Club              |     4 |       |       ||     4
       Dagger            |     3 |    53 |    68 ||   124
 Cast: Sandblast         |    27 |    46 |   109 ||   182
       Lee's Rapid Decon |       |       |     9 ||     9
       Stone Arrow       |       |       |    27 ||    27
  Use: Scroll            |       |     6 |       ||     6
       Potion            |       |       |     1 ||     1
 Stab: Sleeping          |     4 |     2 |     1 ||     7
Armor: Robe              |    25 |    30 |    41 ||    96
       Skin              |       |     1 |       ||     1
Dodge: Dodged            |    48 |    55 |    74 ||   177
Block: Buckler           |       |       |    12 ||    12

Table legend: (Time is in decaauts)
 A = Elapsed time spent in this place.
 B = Non-inter-level travel time spent in this place.
 C = Inter-level travel time spent in this place.
 D = Time resting spent in this place.
 E = Time spent auto-exploring this place.
 F = Levels seen in this place.
 G = Mean time per level.
                   A        B        C        D        E       F      G
               +--------+--------+--------+--------+--------+-----+--------+
         Total |   7483 |   7250 |    233 |   2338 |   3789 |   9 |  831.4 |
       Dungeon |   7420 |   7199 |    221 |   2338 |   3741 |   8 |  927.5 |
        Temple |     62 |     50 |     12 |      0 |     48 |   1 |   62.0 |
               +--------+--------+--------+--------+--------+-----+--------+

Top non-repeatable levels by time:
     D:6: 1407 daAuts
     D:7: 1357 daAuts
     D:1: 1221 daAuts
     D:4: 1045 daAuts
     D:2: 942 daAuts
     D:5: 931 daAuts
     D:3: 412 daAuts
     D:8: 102 daAuts
  Temple: 62 daAuts
